 Dungeon Crawl Stone Soup version 0.30-a0-937-ga0a21ad780 (webtiles) character file.

Game seed: 6972031195038766628

108 Nyon the Trooper (level 5, -3/40 (42) HPs)
             Began as a Human Berserker on Mar 25, 2023.
             Was a Believer of Trog.
             Slain by Crazy Yiuf
             ... wielding a +3 quarterstaff of chaos
              (10 damage)
             ... on level 2 of the Dungeon.
             The game lasted 00:06:40 (1974 turns).

Nyon the Trooper (Human Berserker)                  Turns: 1974, Time: 00:06:40

HP:   -3/40 (42)    AC: 11    Str: 20    XL:     5   Next: 12%
MP:   5/5           EV:  8    Int:  7    God:    Trog [**....]
Gold: 127           SH:  0    Dex: 12    Spells: 4/4 levels left

rFire   . . .      SeeInvis .    a - +1 hand axe
rCold   . . .      Faith    .    (no shield)
rNeg    . . .      Spirit   .    g - +0 chain mail
rPois   .          Reflect  .    c - +0 helmet
rElec   .          Rampage  .    (no cloak)
rCorr   .                        (no gloves)
Will    .....                    j - +0 pair of boots Stlth
                                 (no amulet)
HPRegen 0.26/turn                (no ring)
MPRegen 0.09/turn                (no ring)

@: slowed, lightly drained, very slow
A: no striking features
a: Renounce Religion, Berserk, Trog's Hand


You were on level 2 of the Dungeon.
You worshipped Trog.
Trog was pleased with you.
You visited 1 branch of the dungeon, and saw 2 of its levels.

You collected 127 gold pieces.

Inventory:

Hand Weapons
 a - a +1 hand axe (weapon)
Armour
 c - a +0 helmet (worn)
 g - a +0 chain mail (worn)
 j - a +0 pair of boots (worn)
Jewellery
 l - a ring of magical power
 q - a ring of poison resistance
Scrolls
 b - a scroll of poison {unknown}
 e - a scroll of magic mapping
 k - 2 scrolls of blinking {unknown}
 n - 2 scrolls of immolation {unknown}
 o - a scroll of identify {unknown}
 p - a scroll of enchant armour {unknown}
Potions
 d - a potion of curing
 f - 2 potions of degeneration {unknown}
 h - 2 potions of heal wounds
 i - a potion of might {unknown}
 m - a potion of attraction {unknown}


   Skills:
 * Level 3.7 Fighting
 * Level 3.7 Axes
 * Level 2.9 Armour
 * Level 2.9 Dodging


You had 4 spell levels left.
You didn't know any spells.
Your spell library was empty.

Dungeon Overview and Level Annotations

Branches:
Dungeon (2/15)

Altars:
Zin

Annotations:
D:2 Crazy Yiuf


Message History

p - a scroll labelled SOD CESUARI
There is a shaft here.
Found a stone staircase leading down.
You now have 127 gold pieces (gained 7).
Found a stone staircase leading down.
There is a stone staircase leading down here.
An endoplasm comes into view.
The endoplasm quivers.
The endoplasm moves out of view.
Found a scroll labelled ESUFEC XISOPP.
You slash the endoplasm!
You kill the endoplasm!
Trog accepts your kill.
You can now call upon Trog for regeneration and willpower.
n - 2 scrolls labelled ESUFEC XISOPP (gained 1)
q - a ring of poison resistance You see here a +0 club.
You see here a +0 flail.
Crazy Yiuf shouts!
You open the door.
Crazy Yiuf grits, "Millenium illywillydillykilly hand!"
You slash Crazy Yiuf!
Crazy Yiuf is heavily wounded.
Crazy Yiuf hits you with a +3 quarterstaff of chaos.
You feel yourself slow down.
You hit Crazy Yiuf but do no damage.
Crazy Yiuf is heavily wounded.
Crazy Yiuf hits you with a +3 quarterstaff of chaos.
You feel drained.
Crazy Yiuf cries, "Shadow!"
Crazy Yiuf hits you with a +3 quarterstaff of chaos.
Crazy Yiuf draws strength from your wounds!
You closely miss Crazy Yiuf.
Crazy Yiuf is heavily wounded.
Crazy Yiuf hits you but does no damage.
You are electrocuted!!
* * * LOW HITPOINT WARNING * * *
You slash Crazy Yiuf!
Crazy Yiuf is almost dead.
Crazy Yiuf hits you with a +3 quarterstaff of chaos!
You die...

#####
##########
#)..#
###........#
#...#
#...######.#
*...*
###.....##.#
*#g#*
#.....##.#
♣@♣♣
#......#.#
♣♣.♣
#......#.#
♣.♣♣
#......#.#
♣♣.♣
###.##.#.#
♣♣.♣♣
#.##.#..
♣♣...♣
####.##.###
♣....♣
#....##.#
#....#
#.#####.#
### ##..##
#.# #.#


You could see Crazy Yiuf.

Vanquished Creatures
  Jessica (D:2)
  3 gnolls (D:2)
  An adder (D:2)
  2 worms (D:2)
  8 ball pythons
  6 bats
  4 endoplasms
  A giant cockroach (D:2)
  3 goblins
  3 hobgoblins (D:1)
  2 quokkas
  3 kobolds
  A rat (D:2)
38 creatures vanquished.

Notes
Turn   | Place    | Note
-------+----------+-------------------------------------------
     0 | D:1      | Nyon the Human Berserker began the quest for the Orb.
     0 | D:1      | Reached XP level 1. HP: 18/18 MP: 1/1
   316 | D:1      | Reached XP level 2. HP: 24/24 MP: 2/2
   316 | D:1      | Found a faded altar of an unknown god.
   958 | D:2      | Found a glowing silver altar of Zin.
   966 | D:2      | Reached XP level 3. HP: 28/29 MP: 3/3
  1010 | D:2      | Noticed Jessica
  1018 | D:2      | Killed Jessica
  1019 | D:2      | Reached XP level 4. HP: 35/35 MP: 4/4
  1388 | D:2      | Reached XP level 5. HP: 42/42 MP: 5/5
  1486 | D:2      | Found a runed translucent door.
  1487 | D:2      | Noticed Crazy Yiuf
  1650 | D:2      | Reached ** piety under Trog
  1974 | D:2      | Slain by Crazy Yiuf

Illustrated notes

Levels and vault maps discovered:
D:1:      doesnt_arrival_eight_statues, layout_basic,
          nicolae_ecumenical_snake_handling, minmay_box_of_dots
D:2:      minmay_spotlight, layout_loops_ring, basic_altar, minmay_cut_off,
          uniq_jessica, uniq_crazy_yiuf_cottage

Action                     |  1- 3 |  4- 6 || total
---------------------------+-------+-------++-------
  Melee: Hand axe          |    56 |    79 ||   135
         Punch             |       |     1 ||     1
 Invoke: Berserk           |     1 |     2 ||     3
    Use: Scroll            |     4 |       ||     4
         Potion            |     3 |       ||     3
 Armour: Chain mail        |    67 |    38 ||   105
         Animal skin       |     2 |       ||     2
  Dodge: Dodged            |    29 |    35 ||    64

Table legend: (Time is in decaauts)
 A = Elapsed time spent in this place.
 B = Non-inter-level travel time spent in this place.
 C = Inter-level travel time spent in this place.
 D = Time resting spent in this place.
 E = Time spent auto-exploring this place.
 F = Levels seen in this place.
 G = Mean time per level.
                   A        B        C        D        E       F      G
               +--------+--------+--------+--------+--------+-----+--------+
         Total |   2016 |   2016 |      0 |      0 |   1521 |   2 | 1008.0 |
       Dungeon |   2016 |   2016 |      0 |      0 |   1521 |   2 | 1008.0 |
               +--------+--------+--------+--------+--------+-----+--------+

Top non-repeatable levels by time:
     D:2: 1051 daAuts
     D:1: 964 daAuts
